 Dungeon Crawl Stone Soup version 0.31.0-32-g396128a36d (webtiles) character file.

Game seed: 2569493477658442959

5451 AdnanSaban the Basher (level 10, -2/64 HPs)
             Began as a Gargoyle Fighter on Apr 16, 2024.
             Was an Elder of Okawaru.
             Slain by an unseen horror (8 damage)
             ... on level 10 of the Dungeon.
             The game lasted 00:09:43 (8581 turns).

AdnanSaban the Basher (Gargoyle Fighter)            Turns: 8581, Time: 00:09:44

Health: -2/64      AC: 26    Str: 24    XL:     10   Next: 68%
Magic:  13/13      EV:  9    Int:  9    God:    Okawaru [****..]
Gold:   619        SH:  5    Dex:  9    Spells: 9/9 levels left

rFire   . . .        P - +4 flail
rCold   + . .        c - +0 buckler
rNeg    + . .        y - +2 chain mail {rC+}
rPois   ∞            L - +0 helmet
rElec   +            G - +0 cloak
rCorr   .            s - +0 pair of gloves
SInv    .            r - +1 pair of boots
Will    +....        (no amulet) Stlth
                     e - ring of willpower
HPRegen 0.30/turn    o - +4 ring of slaying
MPRegen 0.13/turn

%: no passive effects
@: no status effects
A: sickness immunity, AC +7, negative energy resistance 1, electricity
resistance, torment resistance 1, petrification resistance
a: Renounce Religion, Heroism, Finesse


You were on level 10 of the Dungeon.
You worshipped Okawaru.
Okawaru was greatly pleased with you.
You visited 2 branches of the dungeon, and saw 11 of its levels.

You collected 619 gold pieces.

Inventory:

Hand Weapons
 P - a +4 flail (weapon)
Missiles
 l - 8 poisoned darts (quivered)
 w - 5 atropa-tipped darts
 B - 6 datura-tipped darts
 H - 16 boomerangs
Armour
 c - a +0 buckler (worn)
 r - a +1 pair of boots (worn)
 s - a +0 pair of gloves (worn)
 y - a +2 chain mail of cold resistance (worn)
 G - a +0 cloak (worn)
 L - a +0 helmet (worn)
Jewellery
 e - a ring of willpower (left hand)
 f - a ring of protection from cold
 o - a +4 ring of slaying (right hand)
Wands
 t - a wand of charming (25)
 M - a wand of iceblast (13)
Scrolls
 b - 2 scrolls of noise {unknown}
 h - 2 scrolls of poison {unknown}
 i - 6 scrolls of identify {unknown}
 j - a scroll of blinking {unknown}
 m - 2 scrolls of amnesia {unknown}
 n - 5 scrolls of immolation {unknown}
 q - 3 scrolls of revelation {unknown}
 u - a scroll of torment {unknown}
 v - 2 scrolls of butterflies {unknown}
 x - 2 scrolls of enchant armour {unknown}
 E - a scroll of vulnerability {unknown}
 F - a scroll of brand weapon {unknown}
 I - a scroll of fear {unknown}
 J - 2 scrolls of silence {unknown}
 N - a scroll of teleportation {unknown}
Potions
 a - a potion of resistance {unknown}
 d - a potion of might
 g - 3 potions of curing {unknown}
 k - 3 potions of attraction {unknown}
 p - 2 potions of enlightenment {unknown}
 z - a potion of haste {unknown}
 A - a potion of lignification {unknown}
 C - a potion of invisibility {unknown}
 D - 4 potions of mutation {unknown}
 K - 3 potions of brilliance {unknown}


   Skills:
 + Level 7.7 Fighting
 + Level 10.3 Maces & Flails
 + Level 0.5 Throwing
 + Level 7.9 Armour
 + Level 3.2 Dodging
 + Level 0.8 Stealth
 + Level 5.5 Shields
 - Level 5.0 Invocations


You had 9 spell levels left.
You didn't know any spells.
Your spell library contained the following spells:

 Spells                   Type           Power      Damage    Failure   Level
 Blink                    Tloc           0%         N/A       98%         2
 Lesser Beckoning         Tloc           0%         N/A       98%         2
 Momentum Strike          Conj/Tloc      0%         3d8       98%         2
 Mephitic Cloud           Conj/Alch/Air  0%         N/A       100%        3
 Stone Arrow              Conj/Erth      0%         3d7       100%        3
 Ignite Poison            Fire/Alch      0%         N/A       100%        4
 Fireball                 Conj/Fire      0%         3d3       100%        5
 Eringya's Noxious Bog    Alch           0%         4d6       100%        6
 Lehudib's Crystal Spear  Conj/Erth      0%         10d2      100%        8
 Animate Armour           Summ/Erth      Unusable   N/A       N/A         4
 Summon Forest            Summ/Tloc      Unusable   N/A       N/A         5
 Summon Hydra             Summ           Unusable   N/A       N/A         7

Dungeon Overview and Level Annotations

Branches:
Dungeon (10/15)            Temple (1/1) D:6            Lair (0/5) D:8
    Orc: D:9-12

Altars:
Ashenzari
Cheibriados
Dithmenos
Elyvilon
Fedhas
Gozag
Hepliaklqana
Kikubaaqudgha
Makhleb
Nemelex Xobeh
Okawaru
Qazlal
Ru
Sif Muna
Trog
Uskayaw
Vehumet
Xom
Yredelemnul
Zin
The Shining One

Shops:
D:4 (   D:8 *


Innate Abilities, Weirdness & Mutations

You are immune to sickness and miasma.
Your stone body is resilient. (AC +7)
You are immune to poison.
You resist negative energy. (rN+)
You are resistant to electric shocks. (rElec)
You are resistant to unholy torment.
You are immune to petrification.


Message History

Something hits you. Something hits you but does no damage. Something hits you.
You closely miss something. Something hits you but does no damage.
You block something's attack.
You closely miss something. You block something's attack.
Something hits you but does no damage. x2
You closely miss something. You block something's attack.
Something hits you but does no damage. Something hits you.
You block something's attack. Something hits you.
Something hits you but does no damage. x2
Something hits you but does no damage. x2
You block something's attack. Something completely misses you.
Something hits you but does no damage.
Something hits you but does no damage. x2
Something hits you but does no damage. x3
Something hits you. Something hits you! Something hits you but does no damage.
Something hits you. Something hits you but does no damage. Something hits you.
Something hits you but does no damage. Something hits you. x2
Something hits you but does no damage. x2
Something hits you but does no damage. x3
You block something's attack. Something hits you!
* * * LOW HITPOINT WARNING * * *
Something hits you but does no damage.
Something hits you but does no damage. x2
Something hits you!
* * * LOW HITPOINT WARNING * * *
Something hits you but does no damage. x2
Something hits you but does no damage. Something completely misses you.
Something hits you but does no damage. You block something's attack.
Something hits you but does no damage. x2
You block something's attack. Something hits you.
* * * LOW HITPOINT WARNING * * *
Something hits you but does no damage.
Something hits you but does no damage. x2
Something hits you but does no damage. x2
There is a stone staircase leading up here.
You block something's attack.
Something hits you but does no damage. x2
Something hits you!
You die...

♣.♣♣PP.........#.....#
P.P♣♣..........#.....#
...P♣.♣........###...#
._...P♣..........#...#
...P♣.♣..........#
P.P♣♣.P..........#
♣.♣♣P............#
....P~≈..........#
♣♣♣..~~.......[.@#
......##.........#
.................#
..#.#.#.#.########
..................
..#.#.#.#.........
..................
..#.#.#.#.........
........†.†.......


There were no monsters in sight!

Vanquished Creatures
  A troll (D:8)
  2 wraiths
  2 wyverns
  A water moccasin (D:8)
  Duvessa (D:5)
  2 ice beasts
  2 black bears
  4 orc warriors
  2 sky beasts
  4 wolves (D:8)
  2 centaurs
  2 ogres
  A phantom (D:3)
  4 bullfrogs
  5 scorpions
  8 wights
  Dowan (D:5)
  5 howler monkeys
  5 killer bees (D:9)
  5 electric eels (D:8)
  3 bombardier beetles
  2 quasits (D:5)
  7 hounds
  7 orc priests
  2 sleepcaps
  4 iguanas
  Terence (D:3)
  6 orc wizards
  Robin (D:2)
  7 adders
  3 shadow imps
  2 white imps
  5 ribbon worms
  4 dart slugs
  47 orcs
  10 endoplasms
  13 goblins
  10 hobgoblins
  8 jackals
  4 quokkas
  6 ball pythons
  5 bats
  4 frilled lizards
  8 kobolds
  5 rats
233 creatures vanquished.

Notes
Turn   | Place    | Note
-------+----------+-------------------------------------------
     0 | D:1      | AdnanSaban the Gargoyle Fighter began the quest for the
                  | Orb.
     0 | D:1      | Reached XP level 1. HP: 14/14 MP: 1/1
    96 | D:1      | Reached XP level 2. HP: 19/19 MP: 2/2
   316 | D:1      | Reached XP level 3. HP: 13/24 MP: 3/3
  1054 | D:2      | Found an ancient bone altar of Kikubaaqudgha.
  1063 | D:2      | Noticed Robin
  1079 | D:2      | Killed Robin
  1080 | D:2      | Reached XP level 4. HP: 21/29 MP: 4/4
  1111 | D:2      | Reached skill level 3 in Maces & Flails
  1564 | D:3      | Reached XP level 5. HP: 33/33 MP: 5/5
  1612 | D:3      | Noticed Terence
  1614 | D:3      | Reached skill level 1 in Dodging
  1923 | D:3      | Found a burning altar of Makhleb.
  1953 | D:3      | Noticed a phantom
  1964 | D:3      | Killed a phantom
  1965 | D:3      | Reached skill level 4 in Maces & Flails
  1965 | D:3      | Reached XP level 6. HP: 39/39 MP: 6/6
  2014 | D:3      | Killed Terence
  2033 | D:3      | Found a faded altar of an unknown god.
  2326 | D:4      | Found Kaup's Antique Weapon Shoppe.
  2461 | D:4      | Reached XP level 7. HP: 44/44 MP: 7/7
  2481 | D:4      | Reached skill level 5 in Fighting
  2491 | D:4      | HP: 2/44 [sleepcap (7)]
  2722 | D:4      | Reached skill level 5 in Maces & Flails
  2722 | D:4      | Reached skill level 5 in Armour
  2734 | D:4      | Found a snail-covered altar of Cheibriados.
  3587 | D:5      | Entered Level 5 of the Dungeon
  3688 | D:5      | Found a hazy altar of Hepliaklqana.
  3705 | D:5      | Found a radiant altar of Vehumet.
  3804 | D:5      | Found a shimmering altar of Xom.
  3805 | D:5      | Found a basalt altar of Yredelemnul.
  3868 | D:5      | Reached XP level 8. HP: 50/50 MP: 8/8
  3946 | D:5      | Found an iron altar of Okawaru.
  3980 | D:5      | Became a worshipper of Warmaster Okawaru
  4002 | D:5      | Reached skill level 6 in Maces & Flails
  4094 | D:5      | Noticed Dowan
  4095 | D:5      | Noticed Duvessa
  4146 | D:5      | Killed Duvessa
  4393 | D:5      | Identified the +3 short sword "Rattonlot" {pain, rF+ rN+
                  | rCorr MP+9}
  4410 | D:5      | Found a broken altar of Ashenzari.
  4414 | D:5      | Saw a vision of the Swamp and the Spider Nest.
  4414 | D:5      | Noticed a tarantella
  4414 | D:5      | Noticed a bunyip
  4414 | D:5      | Noticed an entropy weaver
  4414 | D:5      | Noticed a jumping spider
  4414 | D:5      | Noticed a jumping spider
  4414 | D:5      | Noticed a steelbarb worm
  4414 | D:5      | Noticed a spriggan rider
  4415 | D:5      | Noticed a jumping spider
  4415 | D:5      | Noticed a demonic crawler
  4415 | D:5      | Noticed a jumping spider
  4418 | D:5      | Noticed a demonic crawler
  4419 | D:5      | Noticed a wolf spider
  4547 | D:5      | Killed Dowan
  4573 | D:6      | Reached * piety under Okawaru
  4590 | D:6      | Reached skill level 7 in Maces & Flails
  4777 | D:6      | Reached skill level 1 in Invocations
  5111 | D:6      | Reached XP level 9. HP: 55/55 MP: 10/10
  5135 | D:6      | Found a staircase to the Ecumenical Temple.
  5199 | Temple   | Entered the Ecumenical Temple
  5248 | D:6      | Found a bloodstained altar of Trog.
  5632 | D:7      | Reached ** piety under Okawaru
  5860 | D:7      | Reached skill level 8 in Maces & Flails
  6387 | D:8      | Found a blossoming altar of Fedhas.
  6510 | D:8      | Noticed a troll
  6522 | D:8      | Reached skill level 5 in Shields
  6553 | D:8      | Killed a troll
  6667 | D:8      | Found a staircase to the Lair.
  6802 | D:8      | Found Taobbour's Assorted Antiques.
  6837 | D:8      | Reached skill level 9 in Maces & Flails
  6986 | D:8      | Reached XP level 10. HP: 55/61 MP: 13/13
  7117 | D:8      | Reached *** piety under Okawaru
  7687 | D:9      | Reached skill level 5 in Invocations
  7986 | D:9      | Reached skill level 10 in Maces & Flails
  8345 | D:10     | Entered Level 10 of the Dungeon
  8377 | D:10     | Got the Vademecum on the Virous Coals
  8387 | D:10     | Reached **** piety under Okawaru
  8472 | D:10     | Found a white marble altar of Elyvilon.
  8581 | D:10     | Slain by an unseen horror

Illustrated notes

Levels and vault maps discovered:
D:1:      dpeg_arrival_erosion, layout_basic, minmay_tetromino_i2
D:2:      layout_basic, basic_altar, nicolae_the_louvre, uniq_robin
D:3:      layout_rooms, lightli_temple_of_fire,
          shapermc_ecumenical_altar_acropolis, minmay_diced_spiral, uniq_terence
D:4:      layout_layer_cave, slow_altar_1, serial_shops, kennysheep_mini,
          roderic_roman_lattice
D:5:      layout_basic, grunt_ashenzari_visionary
          [grunt_ashenzari_visionary_swamp, grunt_ashenzari_visionary_spider],
          mainiacjoe_overflow_alcove_3, mainiacjoe_overflow_alcove_2,
          serial_demonic, serial_demonic_e, serial_demonic_f, serial_demonic_c,
          serial_demonic_a, minmay_bent, uniq_duvessa
D:6:      nicolae_cairo_tiling, layout_loops_ring, lemuel_tele_altar
D:7:      layout_loops_ring
D:8:      layout_cave_pods, mainiacjoe_overflow_small_starburst,
          erik_lair_island, serial_shops, shop
D:9:      layout_loops_ring
D:10:     minmay_skewed_foursquare, layout_irregular_city,
          mainiacjoe_overflow_alcove_4, nicolae_elyvilon_peaceful_grove,
          serial_glass, glass_columns_b, glass_columns_a, glass_columns_a,
          glass_columns_c, glass_columns_a, glass_columns_b, glass_columns_b,
          glass_columns_c, glass_columns_b, glass_columns_a
Temple:   eino_temple_lava

Skill      XL: |  1  2  3  4  5  6  7  8  9 10 |
---------------+-------------------------------+-----
Maces & Flails | 3 4 5 7 9 10 | 10.3
Fighting       | 4 5 6 7 |  7.7
Armour         | 4 5 6 7 |  7.9
Dodging        | 1 2 3 |  3.2
Shields        | 4 5 |  5.5
Invocations    | 1 4 5 |  5.0
Throwing       | |  0.5
Stealth        | |  0.8

Action                     |  1- 3 |  4- 6 |  7- 9 | 10-12 || total
---------------------------+-------+-------+-------+-------++-------
  Melee: Flail             |   123 |   197 |   272 |   137 ||   729
         Morningstar       |       |       |    85 |    17 ||   102
  Throw: Dart              |       |     2 |     2 |     1 ||     5
 Invoke: Heroism           |       |       |     1 |       ||     1
 Armour: Scale mail        |   123 |   124 |       |       ||   247
         Chain mail        |       |    13 |   443 |   212 ||   668
  Dodge: Dodged            |    80 |    75 |   189 |    57 ||   401
  Block: Buckler           |    31 |    36 |   115 |    35 ||   217
